 Dungeon Crawl Stone Soup version 0.26-a0-712-ga5a9c9c9d0 (webtiles) character file.

Game seed: 5265278160522129386

21 Whiskey the Skirmisher (level 2, -1/23 HPs)
             Began as a Demonspawn Warper on Nov 1, 2020.
             Succumbed to a scorpion's poison
             ... on level 2 of the Dungeon.
             The game lasted 00:00:59 (1224 turns).

Whiskey the Skirmisher (Demonspawn Warper)          Turns: 1224, Time: 00:01:00

Health: -1/23      AC:  3    Str: 11    XL:     2   Next: 62%
Magic:  5/5        EV: 11    Int: 14    God:
Gold:   60         SH:  0    Dex: 12    Spells: 5/5 levels left

rFire    . . .     SeeInvis .   a - +0 hand axe
rCold    . . .     Faith    .   (no shield)
rNeg     . . .     Spirit   .   b - +0 leather armour
rPois    .         Reflect  .   (no helmet)
rElec    .         Harm     .   (no cloak)
rCorr    .         Rampage  .   (no gloves)
MR       .....                  (no boots)
Stlth    +.........             (no amulet)
HPRegen  0.07/turn              (no ring)
MPRegen  0.09/turn              (no ring)

@: lethally poisoned (-1 -> -21)
A: talons 1
a: no special abilities


You were on level 2 of the Dungeon.
You visited 1 branch of the dungeon, and saw 2 of its levels.

You collected 60 gold pieces.

Inventory:

Hand Weapons
 a - a +0 hand axe (weapon)
Missiles
 e - 5 boomerangs of dispersal {=f}
Armour
 b - a +0 leather armour (worn)
Scrolls
 c - 3 scrolls of identify {unknown}
 d - a scroll of blinking {!r}
 f - 2 scrolls of fear {unknown}
 g - a scroll of enchant armour {unknown}
 h - a scroll of amnesia {unknown}
Potions
 i - a potion of curing {unknown}
 j - a potion of brilliance {unknown}


   Skills:
 + Level 2.7 Fighting
 + Level 2.4 Axes
 - Level 0.8 Throwing
 - Level 0.8 Armour
 - Level 1.7 Dodging
 - Level 2.0 Spellcasting
   Level 2.6 Translocations


You had 5 spell levels left.
You didn't know any spells.
Your spell library contained the following spells:

 Spells                   Type           Power        Failure   Level
 Blink                    Tloc           N/A          16%         2
 Gell's Gravitas          Tloc           #.........   30%         3
 Lesser Beckoning         Tloc           #.........   30%         3
 Teleport Other           Tloc           #.......     30%         3
 Passage of Golubria      Tloc           N/A          71%         4


Dungeon Overview and Level Annotations

Branches:
Dungeon (2/15)

Altars:


Innate Abilities, Weirdness & Mutations

You have sharp toenails.


Message History

No target in view!
No target in view!
No target in view!
No target in view!
No target in view!
c - 3 scrolls labeled LAILOP SEL (gained 1)
j - a fizzy purple potion Health restored: 23 Done exploring.
Done exploring.
There is a staircase leading out of the dungeon here.
There is a stone staircase leading down here.
You climb downwards.
A hobgoblin and a dart slug come into view.
There is a stone staircase leading up here.
The helpless dart slug fails to defend itself.
You hit the dart slug.
The hobgoblin shouts!
You hear a shout! x2
You slash the dart slug!
You kill the dart slug!
The hobgoblin hits you but does no damage.
A hobgoblin comes into view.
You closely miss the hobgoblin. Your kick misses the hobgoblin.
The hobgoblin misses you.
A kobold comes into view. It is wielding a +0 club.
You closely miss the hobgoblin.
The hobgoblin hits you but does no damage.
You hit the hobgoblin. Your kick misses the hobgoblin.
The hobgoblin hits you with a +0 club.
You take 2 damage, and have 21/23 hp.
You hit the hobgoblin.
You kill the hobgoblin!
You miss the kobold. You claw the kobold.
You kill the kobold!
The hobgoblin hits you.
Items here: ( )) ††.
You take 3 damage, and have 19/23 hp.
You slash the hobgoblin!
You kill the hobgoblin!
No target in view!
No target in view!
No target in view!
No target in view!
No target in view!
No target in view!
No target in view!
No target in view!
No target in view!
No target in view!
No target in view!
No target in view!
No target in view!
No target in view!
No target in view!
No target in view!
No target in view!
No target in view!
No target in view!
No target in view!
A scorpion comes into view.
Health restored: 23 The scorpion stings you!
You take 7 damage, and have 16/23 hp.
MASSIVE DAMAGE!!
You closely miss the scorpion. You claw the scorpion. The scorpion stings you.
You are lethally poisoned!
The scorpion poisons you!
You take 6 damage, and have 10/23 hp.
MASSIVE DAMAGE!!
You are too injured to fight recklessly!
You are too injured to fight recklessly!
You are too injured to fight recklessly!
You are too injured to fight recklessly!
You are too injured to fight recklessly!
You are too injured to fight recklessly!
You are too injured to fight recklessly!
You are too injured to fight recklessly!
You are too injured to fight recklessly!
You are too injured to fight recklessly!
You are too injured to fight recklessly!
You are too injured to fight recklessly!
You are too injured to fight recklessly!
You are too injured to fight recklessly!
You are too injured to fight recklessly!
You are too injured to fight recklessly!
You are too injured to fight recklessly!
You are too injured to fight recklessly!
You are too injured to fight recklessly!
You are too injured to fight recklessly!
You are too injured to fight recklessly!
You are too injured to fight recklessly!
You hit the scorpion but do no damage.
You feel sick. The scorpion closely misses you.
You take 1 damage, and have 9/23 hp.
You hit the scorpion but do no damage. Your kick misses the scorpion.
You feel sick. The scorpion barely misses you. The scorpion stings you!
* * * LOW HITPOINT WARNING * * *
You are more poisoned.
The scorpion poisons you!
You take 8 damage, and have 1/23 hp.
MASSIVE DAMAGE!!
You hit the scorpion but do no damage.
You die...

.# .. ##. #.. #.#
### ##.#
....###.)####
#.........@#
##.###)###.s......
#......# #........
#....<.# #........
#[.....# #........
#......# #........
######## #########


You could see a scorpion.

Vanquished Creatures
  A dart slug (D:2)
  A ball python (D:1)
  3 goblins (D:1)
  5 hobgoblins
  3 bats (D:1)
  A kobold (D:2)
  3 rats (D:1)
17 creatures vanquished.

Notes
Turn   | Place    | Note
-------+----------+-------------------------------------------
     0 | D:1      | Whiskey the Demonspawn Warper began the quest for the Orb.
     0 | D:1      | Reached XP level 1. HP: 16/16 MP: 3/3
    30 | D:1      | HP: 2/16 [goblin (3)]
   328 | D:1      | Reached skill level 2 in Axes
   682 | D:1      | Gained mutation: You have sharp toenails. [demonic
                  | ancestry]
   682 | D:1      | Reached XP level 2. HP: 23/23 MP: 5/5
  1217 | D:2      | Noticed a scorpion
  1223 | D:2      | HP: 1/23 [scorpion (7)]
  1224 | D:2      | Succumbed to a scorpion's poison

Illustrated notes

Levels and vault maps discovered:
D:1:      psy_arrival_radial01, layout_basic
D:2:      layout_rooms, fedhas_altar_1

Skill      XL: |  1 |
---------------+----+-----
Axes           | 2 |  2.4
Fighting       | |  2.7
Throwing       | |  0.8
Armour         | |  0.8
Dodging        | |  1.7
Spellcasting   | |  2.0
Translocations | |  2.6

Action                   || total
-------------------------++-------
Melee: Hand axe          ||    45
       Kick              ||     8
 Stab: Sleeping          ||     1
Armor: Leather armour    ||    10
Dodge: Dodged            ||    22

Table legend: (Time is in decaauts)
 A = Elapsed time spent in this place.
 B = Non-inter-level travel time spent in this place.
 C = Inter-level travel time spent in this place.
 D = Time resting spent in this place.
 E = Time spent auto-exploring this place.
 F = Levels seen in this place.
 G = Mean time per level.
                   A        B        C        D        E       F      G
               +--------+--------+--------+--------+--------+-----+--------+
         Total |   1232 |   1201 |     31 |    267 |    839 |   2 |  616.0 |
       Dungeon |   1232 |   1201 |     31 |    267 |    839 |   2 |  616.0 |
               +--------+--------+--------+--------+--------+-----+--------+

Top non-repeatable levels by time:
     D:1: 1157 daAuts
     D:2: 74 daAuts

Table legend:
 A = Kills in this place as a percentage of kills in entire the game.
 B = Kills by you in this place as a percentage of kills by you in the entire game.
 C = Kills by friends in this place as a percentage of kills by friends in the entire game.
 D = Other kills in this place as a percentage of other kills in the entire game.
 E = Experience gained in this place as a percentage of experience gained in the entire game.
 F = Experience gained in this place divided by the number of levels of this place that you have seen.
                   A       B       C       D       E      F
               +-------+-------+-------+-------+-------+----------------------
         Total | 100.0 | 100.0 |   N/A |   N/A | 100.0 |  15.0
       Dungeon | 100.0 | 100.0 |   N/A |   N/A | 100.0 |  15.0
               +-------+-------+-------+-------+-------+----------------------
